 Dungeon Crawl Stone Soup version 0.28.0 (webtiles) character file.

Game seed: 14612375325800857641

4 Armakuni the Grasshopper (level 1, 0/12 HPs)
             Began as a Deep Elf Warper on Feb 17, 2022.
             Slain by a kobold (1 damage)
             ... on level 1 of the Dungeon.
             The game lasted 00:01:07 (152 turns).

Armakuni the Grasshopper (Deep Elf Warper)           Turns: 152, Time: 00:01:08

Health: 0/12       AC:  3    Str:  8    XL:     1   Next: 58%
Magic:  6/6        EV: 12    Int: 17    God:
Gold:   13         SH:  0    Dex: 14    Spells: 6/6 levels left

rFire   . . .      SeeInvis .   a - +0 mace
rCold   . . .      Faith    .   (no shield)
rNeg    . . .      Spirit   .   b - +0 leather armour
rPois   .          Reflect  .   (no helmet)
rElec   .          Harm     .   (no cloak)
rCorr   .          Rampage  .   (no gloves)
Will    .....                   (no boots)
Stlth   +.........              (no amulet)
HPRegen 0.04/turn               (no ring)
MPRegen 0.10/turn               (no ring)

@: no status effects
A: no striking features
a: no special abilities


You were on level 1 of the Dungeon.
You visited 1 branch of the dungeon, and saw 1 of its levels.

You collected 13 gold pieces.

Inventory:

Hand Weapons
 a - a +0 mace (weapon)
Missiles
 d - 2 boomerangs of dispersal (quivered)
Armour
 b - a +0 leather armour (worn)
Scrolls
 c - a scroll of blinking


   Skills:
 + Level 2.0 Fighting
 - Level 1.3 Maces & Flails
 - Level 1.0 Throwing
 - Level 0.7 Armour
 - Level 2.4 Dodging
 - Level 3.0 Spellcasting
 - Level 3.2 Translocations


You had 6 spell levels left.
You didn't know any spells.
Your spell library contained the following spells:

 Spells                   Type           Power      Damage    Failure   Level
 Blink                    Tloc           26%        N/A       10%         2
 Gell's Gravitas          Tloc           13%        N/A       19%         3
 Lesser Beckoning         Tloc           13%        N/A       19%         3
 Teleport Other           Tloc           13%        N/A       19%         3
 Manifold Assault         Tloc           13%        N/A       87%         5


Dungeon Overview and Level Annotations

Branches:
Dungeon (1/15)

Altars:


Message History

An endoplasm is nearby!
You hit the endoplasm.
The endoplasm is severely wounded.
The endoplasm misses you.
You hit the endoplasm.
The endoplasm is almost dead.
The endoplasm hits you but does no damage. x2
You hit the endoplasm but do no damage.
The endoplasm is almost dead.
The endoplasm freezes you.
You are frozen.
You barely miss the endoplasm.
The endoplasm is almost dead.
The endoplasm misses you.
You hit the endoplasm.
You kill the endoplasm!
The kobold hits you with a +0 short sword.
Your Fighting skill increases to level 2!
You closely miss the kobold. The kobold barely misses you.
Throw: 5 boomerangs (disperse)
Press: ? - help, Q - select action Shift-Dir - straight line, f - kobold
Aim: a kobold, wielding a +0 short sword and quivering stones (51% to hit)
You throw a boomerang of dispersal.
The boomerang of dispersal barely misses the kobold.
The kobold hits you with a +0 short sword.
Throw: 4 boomerangs (disperse)
Press: ? - help, Q - select action Shift-Dir - straight line, f/p - kobold
Aim: a kobold, wielding a +0 short sword and quivering stones (51% to hit)
You throw a boomerang of dispersal.
The boomerang of dispersal closely misses the kobold.
The kobold hits you with a +0 short sword.
* * * LOW HITPOINT WARNING * * *
Throw: 3 boomerangs (disperse)
Press: ? - help, Q - select action Shift-Dir - straight line, f/p - kobold
Aim: a kobold, wielding a +0 short sword and quivering stones (51% to hit)
You throw a boomerang of dispersal.
The boomerang of dispersal barely misses the kobold.
The kobold hits you but does no damage.
The kobold hits you with a +0 short sword.
You die...

.....$..... ...
......... ....
.......####...#
#............#
#............
#.........##.# .#
#....(..K..# ..#
#K#>....?... ....
#@#########+#....
..#......##........
.............##.....# #
............).......# .#
#####.......###.#+####..
...#.....###.........
#...................#
#...#.....#.........#
....####............#


You could see a kobold.

Vanquished Creatures
  An endoplasm (D:1)
  A kobold (D:1)
  A quokka (D:1)
  A bat (D:1)
4 creatures vanquished.

Notes
Turn   | Place    | Note
-------+----------+-------------------------------------------
     0 | D:1      | Armakuni the Deep Elf Warper began the quest for the Orb.
     0 | D:1      | Reached XP level 1. HP: 12/12 MP: 6/6
   152 | D:1      | Slain by a kobold

Illustrated notes

Levels and vault maps discovered:
D:1:      dpeg_arrival_round_b, layout_basic

Skill      XL: |  1 |
---------------+----+-----
Fighting       | 2 |  2.0
Maces & Flails | |  1.3
Throwing       | |  1.0
Armour         | |  0.7
Dodging        | |  2.4
Spellcasting   | |  3.0
Translocations | |  3.2

Action                   || total
-------------------------++-------
Melee: Mace              ||    13
Throw: Boomerang         ||     3
Armor: Leather armour    ||     6
Dodge: Dodged            ||     9
